 Dungeon Crawl Stone Soup version 0.19-a0-1697-g0595f0e (webtiles) character file.

7819 Alarkh the Carver (level 11, -10/68 HPs)
             Began as a Mummy Necromancer on Sept 26, 2016.
             Was an Elder of Okawaru.
             Mangled by a komodo dragon (17 damage)
             ... on level 1 of the Lair of Beasts.
             The game lasted 00:24:27 (12666 turns).

Alarkh the Carver (Mummy Necromancer)              Turns: 12666, Time: 00:24:27

Health: -10/68     AC: 14    Str: 12    XL:     11   Next: 1%
Magic:  20/21      EV: 15    Int: 17    God:    Okawaru [****..]
Gold:   493        SH:  0    Dex: 15    Spells: 5 memorised, 14 levels left

rFire  . . .     SeeInvis .     a - +6 scimitar (flame)
rCold  . . .     Gourm    .     t - +2 troll leather armour
rNeg   + + +     Faith    .     (no shield)
rPois  ∞         Spirit   .     D - +0 helmet
rElec  .         Dismiss  .     H - +2 cloak
rCorr  .         Reflect  .     d - +0 pair of gloves
MR     +....     Harm     .     (no boots)
Stlth  +++.......               (no amulet)
                                F - ring "Sigef" {rN+ AC+1 Dex+2}
                                g - ring of fire

@: heroism
A: no food or potions, fire vulnerability, cold resistance 1, negative energy
resistance 3, torment resistance, unbreathing
a: Heroism, Renounce Religion


You were on level 1 of the Lair of Beasts.
You worshipped Okawaru.
Okawaru was greatly pleased with you.
You were not hungry.

You visited 3 branches of the dungeon, and saw 11 of its levels.
You also visited: Ossuary.

You collected 493 gold pieces.

Inventory:

Hand Weapons
 a - a +6 scimitar of flaming (weapon)
 b - a +0 great sword
 l - a +0 whip
 p - a +0 flail
 u - a +1 whip of freezing
 K - a +2 mace of protection
Missiles
 y - 2 throwing nets (quivered)
Armour
 d - a +0 pair of gloves (worn)
 j - a +0 hat
 s - a +0 robe
 t - a +2 troll leather armour (worn)
 D - a +0 helmet (worn)
 H - a +2 cloak (worn)
 J - the +1 ring mail "Jyeskico" {Dex+2}
   (You found it on level 8 of the Dungeon)

   It affects your dexterity (+2).
 M - a +2 leather armour of poison resistance
Magical Staves
 v - an uncursed staff of power
Jewellery
 f - an uncursed ring of protection from magic
 g - a ring of fire (left hand)
 B - an uncursed ring of teleportation
 E - a +1 ring of protection
 F - the ring "Sigef" (right hand) {rN+ AC+1 Dex+2}
   (You found it on level 8 of the Dungeon)

   [ring of protection]

   It affects your AC (+1).
   It affects your dexterity (+2).
   It protects you from negative energy.
Wands
 h - a wand of iceblast (5/15)
 r - a wand of digging (11/24)
 A - a wand of random effects (30/48)
 I - a wand of lightning (0/15)
Scrolls
 c - 4 scrolls of magic mapping
 e - a scroll of identify
 i - 3 scrolls of teleportation
 k - 2 scrolls of amnesia
 m - 7 scrolls of noise
 n - a scroll of random uselessness
 o - a scroll of blinking
 q - 7 scrolls of remove curse
 w - a scroll of fear {unknown}
 z - a scroll of fog
 C - a scroll of summoning {unknown}
 N - 3 scrolls of acquirement {unknown}
Books
 x - a book of Necromancy

   Spells                             Type                      Level
   a - Pain                           Necromancy                   1
   b - Animate Skeleton               Necromancy                   1
   c - Vampiric Draining              Necromancy                   3
   d - Regeneration                   Charms/Necromancy            3
   e - Animate Dead                   Necromancy                   4
   f - Control Undead                 Necromancy                   4
 G - a book of the Sky

   Spells                             Type                      Level
   a - Summon Lightning Spire         Summoning/Air                4
   b - Airstrike                      Air                          4
   c - Silence                        Hexes/Air                    5
   d - Deflect Missiles               Charms/Air                   6
   e - Conjure Ball Lightning         Conjuration/Air              6
   f - Tornado                        Air                          9
 L - a book of Party Tricks

   Spells                             Type                      Level
   a - Summon Butterflies             Summoning                    1
   b - Apportation                    Translocation                1
   c - Tukima's Dance                 Hexes                        3
   d - Alistair's Intoxication        Transmutation/Poison         5
   e - Invisibility                   Hexes                        6
 O - a book of the Warp

   Spells                             Type                      Level
   a - Gell's Gravitas                Hexes/Translocation          3
   b - Force Lance                    Conjuration/Translocation    4
   c - Summon Forest                  Summoning/Translocation      5
   d - Dispersal                      Translocation                6
   e - Controlled Blink               Translocation                8
   f - Disjunction                    Translocation                8


   Skills:
 * Level 11.4(16.4) Long Blades
 - Level 1.5(6.5) Dodging
 - Level 1.5(6.5) Stealth
 - Level 7.0 Spellcasting
 - Level 8.0 Necromancy


You had 14 spell levels left.
You knew the following spells:

 Your Spells              Type           Power        Failure   Level  Hunger
a - Vampiric Draining     Necr           ####......   1%          3    N/A
b - Pain                  Necr           ####         1%          1    N/A
c - Control Undead        Necr           ####......   8%          4    N/A
d - Apportation           Tloc           #.........   17%         1    N/A
e - Summon Butterflies    Summ           #.......     17%         1    N/A

Dungeon Overview and Level Annotations

Branches:
Dungeon (9/15)             Temple (1/1) D:7            Lair (1/6) D:8
    Orc (0/2) D:9

Altars:
Ashenzari
Cheibriados
Dithmenos
Elyvilon
Fedhas
Gozag
Hepliaklqana
Kikubaaqudgha
Makhleb
Nemelex Xobeh
Okawaru
Qazlal
Ru
Sif Muna
Trog
Uskayaw
Vehumet
Xom
Yredelemnul
Zin
The Shining One

Shops:
D:7 :

Annotations:
D:9 Psyche


Innate Abilities, Weirdness & Mutations

You do not eat or drink.
Your flesh is vulnerable to fire.
You are immune to poison.
Your flesh is cold resistant. (rC+)
You are immune to negative energy. (rN+++)
You are immune to unholy pain and torment.
You can survive without breathing.


Message History

The komodo dragon bites you.
You closely miss the komodo dragon.
The komodo dragon is lightly wounded.
You slash the komodo dragon! You burn the komodo dragon.
The komodo dragon is heavily wounded.
The komodo dragon bites you!!
You closely miss the komodo dragon.
The komodo dragon is heavily wounded.
The komodo dragon bites you!
You are too injured to fight recklessly!
You slash the komodo dragon! You burn the komodo dragon.
The komodo dragon is severely wounded.
You barely miss the komodo dragon.
The komodo dragon is severely wounded.
The komodo dragon bites you!
* * * LOW HITPOINT WARNING * * *
You closely miss the komodo dragon. Your punch misses the komodo dragon.
The komodo dragon is severely wounded.
The komodo dragon bites you!
You die...

.................................
#...!............................
#.#.#############PP###..#########
#.### #### #### # #.# P.# #######
## # ..#######.#.#.###.#.####
#...............>.......
P...............@.......
#...##.....######l...###
#.#####....# ...## #.# ##....#
...# #.P #.....# ...#
#.#####....######...#
#...................#
#...................#
#...................#


You could see a komodo dragon.

Vanquished Creatures
  Erica (D:8)
  Pikel (D:7)
  Maurice (D:8)
  3 trolls (D:9)
  A two-headed ogre (D:9)
  A hippogriff (D:9)
  The ghost of dvd the Stinger, an amateur OpVM (D:4)
  A spriggan (D:7)
  3 vampire mosquitoes (D:8)
  Menkaure (D:7)
  A hungry ghost (D:8)
  A water moccasin (Lair:1)
  4 slaves (D:6)
  4 orc warriors (D:9)
  2 ice beasts
  A necrophage (D:6)
  A sky beast (D:9)
  2 ogres (D:8)
  A centaur (D:9)
  A big kobold (D:9)
  A crocodile (Lair:1)
  4 bullfrogs
  14 scorpions
  9 killer bees
  3 wights (D:9)
  2 howler monkeys (D:5)
  4 centaur zombies
  3 crimson imps
  2 human zombies (Ossuary)
  4 orc priests
  2 bullfrog skeletons
  3 hounds
  2 jellies (D:6)
  9 orc wizards
  A centaur skeleton (D:9)
  4 iguanas
  4 worker ants
  A killer bee zombie (D:9)
  A big kobold zombie (Ossuary)
  A hound zombie (D:7)
  2 hound skeletons
  2 mummies (Ossuary)
  A worker ant zombie (D:9)
  10 adders
  2 scorpion zombies (Ossuary)
  A shadow imp (D:7)
  An ooze (D:2)
  2 adder zombies
  An adder skeleton (D:9)
  A worm (D:3)
  2 dart slugs
  3 leopard geckos
  37 orcs
  2 ball pythons
  A giant cockroach (D:6)
  4 goblins
  7 hobgoblins
  10 jackals
  11 kobolds
  6 quokkas
  3 ball python skeletons
  2 bats
  2 frilled lizards
  4 goblin zombies (Ossuary)
  A jackal skeleton (D:7)
  A kobold zombie (Ossuary)
  A leopard gecko skeleton (D:4)
  A leopard gecko zombie (D:5)
  An orc zombie (Ossuary)
  8 rats
236 creatures vanquished.

Vanquished Creatures (collateral kills)
  A mummy (Ossuary)
1 creature vanquished.

Grand Total: 237 creatures vanquished

Notes
Turn   | Place    | Note
-------+----------+-------------------------------------------
     0 | D:1      | Alarkh the Mummy Necromancer began the quest for the Orb.
     0 | D:1      | Reached XP level 1. HP: 13/13 MP: 3/3
   811 | D:1      | Reached XP level 2. HP: 6/19 MP: 1/5
  1383 | D:2      | Reached XP level 3. HP: 19/24 MP: 4/7
  2218 | D:3      | Learned a level 3 spell: Vampiric Draining
  2237 | D:3      | Reached XP level 4. HP: 5/30 MP: 0/8
  2605 | D:3      | Reached skill level 5 in Necromancy
  3128 | D:3      | Reached XP level 5. HP: 35/35 MP: 0/10
  3277 | D:4      | Learned a level 4 spell: Control Undead
  3384 | D:4      | Found a sand-covered staircase.
  3415 | Ossuary  | Entered an ossuary
  3708 | Ossuary  | Reached XP level 6. HP: 38/41 MP: 6/12
  4445 | Ossuary  | Reached skill level 5 in Spellcasting
  4756 | Ossuary  | Reached XP level 7. HP: 33/46 MP: 8/14
  5486 | D:4      | Noticed dvd's ghost (amateur OpVM)
  5746 | D:4      | Killed dvd's ghost
  5888 | D:4      | Reached XP level 8. HP: 52/52 MP: 13/17
  6015 | D:5      | Entered Level 5 of the Dungeon
  6679 | D:6      | Reached skill level 1 in Long Blades
  6683 | D:6      | Noticed Pikel
  6903 | D:6      | Reached skill level 2 in Long Blades
  6986 | D:6      | Reached skill level 3 in Long Blades
  8248 | D:7      | Reached skill level 4 in Long Blades
  8483 | D:7      | Killed Pikel
  8483 | D:7      | Reached skill level 5 in Long Blades
  8483 | D:7      | Reached XP level 9. HP: 49/57 MP: 6/19
  8491 | D:7      | Found a staircase to the Ecumenical Temple.
  8525 | Temple   | Entered the Ecumenical Temple
  8532 | Temple   | Became a worshipper of Warmaster Okawaru
  8681 | D:7      | Reached skill level 6 in Long Blades
  8827 | D:7      | Found Oczicier's Book Shoppe.
  9279 | D:7      | Noticed Menkaure
  9370 | D:8      | Found a sacrificial altar of Ru.
  9637 | D:7      | Killed Menkaure
  9683 | D:7      | Reached * piety under Okawaru
  9683 | D:7      | Reached skill level 7 in Long Blades
  9873 | D:8      | Found a sparkling altar of Nemelex Xobeh.
  9873 | D:8      | Found a deep blue altar of Sif Muna.
  9899 | D:8      | Got a pitted silver ring
  9960 | D:8      | Noticed Erica
 10098 | D:8      | Found a staircase to the Lair.
 10437 | D:8      | Reached skill level 8 in Long Blades
 10475 | D:8      | Noticed Maurice
 10485 | D:8      | Killed Maurice
 10485 | D:8      | Reached ** piety under Okawaru
 10696 | D:8      | Got a crude ring mail
 10707 | D:8      | Identified the +1 ring mail "Jyeskico" {Dex+2} (You found it on level 8 of the Dungeon)
 10867 | D:8      | Identified the ring "Sigef" {rN+ AC+1 Dex+2} (You found it on level 8 of the Dungeon)
 10885 | D:8      | Killed Erica
 10885 | D:8      | Reached skill level 9 in Long Blades
 10885 | D:8      | Reached XP level 10. HP: 32/63 MP: 18/20
 11152 | D:9      | Reached *** piety under Okawaru
 11294 | D:9      | Reached skill level 10 in Long Blades
 11346 | D:9      | Noticed Psyche
 11354 | D:9      | HP: 3/63 [adder (4)]
 11859 | D:9      | Reached **** piety under Okawaru
 11950 | D:9      | Reached skill level 11 in Long Blades
 11996 | D:9      | Found a staircase to the Orcish Mines.
 12087 | D:9      | Got an iridescent hand crossbow
 12088 | D:9      | Identified the +2 hand crossbow of the Revolution {venom, rF++ Str-5 Int-4 Dex+4} (You found it on level 9 of the Dungeon)
 12190 | D:9      | Learned a level 1 spell: Apportation
 12192 | D:9      | Learned a level 1 spell: Summon Butterflies
 12270 | Lair:1   | Entered Level 1 of the Lair of Beasts
 12282 | Lair:1   | Reached XP level 11. HP: 64/68 MP: 21/21
 12666 | Lair:1   | Mangled by a komodo dragon

Vault maps used:
D:1:      dpeg_arrival_central, serial_bayou_ford_a
D:2:      kennysheep_generic_room_14
D:3:      first_bread, patterned_corridor
D:4:      nicolae_ossuary_entry_plus
D:6:      uniq_pikel
D:7:      serial_shops, shop, the_bakery, st_stairs_4, uniq_menkaure
D:8:      grunt_temple_overflow_open, lair_0_dummy, uniq_erica, uniq_maurice
D:9:      david_orc_4, kennysheep_kite_vault, uniq_psyche
Temple:   nicolae_temple_no_exploring_needed
Ossuary:  ossuary_minmay_scorpions

Skill      XL: |  1  2  3  4  5  6  7  8  9 10 |
---------------+-------------------------------+-----
Spellcasting   | 3 4 5 6 7 |  7.0
Necromancy     | 5 6 7 8 |  8.0
Long Blades    | 5 9 11 | 11.4
Dodging        | |  1.5
Stealth        | |  1.5

Action                   |  1- 3 |  4- 6 |  7- 9 | 10-12 || total
-------------------------+-------+-------+-------+-------++-------
Melee: Unarmed           |    18 |       |       |       ||    18
       Whip              |    10 |    12 |       |       ||    22
       Flail             |       |    91 |    39 |       ||   130
       Mace              |       |       |   174 |       ||   174
       Staff             |       |       |     3 |       ||     3
       Great sword       |       |       |   107 |       ||   107
       Scimitar          |       |       |       |   199 ||   199
       Punch             |       |       |       |     2 ||     2
 Cast: Pain              |    63 |    92 |   207 |     1 ||   363
       Vampiric Draining |       |     1 |    15 |    16 ||    32
       Control Undead    |       |     1 |     1 |       ||     2
Invok: Heroism           |       |       |     2 |     5 ||     7
Evoke: Wand              |       |       |     3 |     3 ||     6
  Use: Scroll            |     3 |     2 |     7 |    11 ||    23
 Stab: Sleeping          |     1 |       |     2 |       ||     3
       Distracted        |       |     1 |       |     1 ||     2
Armor: Robe              |    12 |    28 |   147 |       ||   187
       Leather armour    |       |       |       |    41 ||    41
       Ring mail         |       |       |       |    19 ||    19
       Troll leather arm |       |       |       |    14 ||    14
Dodge: Dodged            |    44 |    82 |   245 |    99 ||   470
